 Dungeon Crawl Stone Soup version 0.20.1-1-g8b1a95d (webtiles) character file.

128 Schiappus the Chopper (level 4, -9/44 HPs)
             Began as a Troll Berserker on Nov 27, 2017.
             Was a Believer of Trog.
             Mangled by a wyvern (18 damage)
             ... on level 4 of the Dungeon.
             The game lasted 00:09:16 (1746 turns).

Schiappus the Chopper (Troll Berserker)             Turns: 1746, Time: 00:09:17

Health: -9/44      AC:  6    Str: 26    XL:     4   Next: 87%
Magic:  3/3        EV: 10    Int:  3    God:    Trog [**....]
Gold:   228        SH:  0    Dex:  9    Spells: 3/3 levels left

rFire    . . .     SeeInvis .   a - +1 hand axe
rCold    . . .     Gourm    +   (no shield)
rNeg     . . .     Faith    .   n - +0 robe (curse)
rPois    .         Spirit   .   r - +1 hat
rElec    .         Reflect  .   (no cloak)
rCorr    .         Harm     .   (gloves unavailable)
MR       .....                  (boots unavailable)
Stlth    +.........             (no amulet)
Regen    0.6/turn               (no ring)
MPRegen  0.1/turn               (no ring)

@: drained
A: unfitting armour, claws 3, fast metabolism 3, gourmand, regeneration 1,
shaggy fur 1, tough skin 2
a: Berserk, Trog's Hand, Burn Spellbooks, Renounce Religion


You were on level 4 of the Dungeon.
You worshipped Trog.
Trog was pleased with you.
You were completely stuffed.

You visited 1 branch of the dungeon, and saw 4 of its levels.

You collected 228 gold pieces.

Inventory:

Hand Weapons
 a - a +1 hand axe (weapon)
Missiles
 m - 6 tomahawks of dispersal (quivered)
Armour
 b - a +0 animal skin
 n - a cursed +0 robe (worn)
 r - a +1 hat (worn)
Scrolls
 j - a scroll of amnesia
 l - a scroll of identify {unknown}
Potions
 d - a potion of brilliance
 e - 2 potions of heal wounds
 f - a potion of resistance
 h - 2 potions of lignification {unknown}
 k - 2 potions of curing
Comestibles
 c - 3 bread rations
 g - 6 chunks of flesh
 i - a meat ration
 q - a royal jelly


   Skills:
 + Level 2.9(2.7) Fighting
 + Level 3.5(3.3) Axes
 + Level 3.4(3.2) Dodging
 + Level 0.1(0.0) Stealth


You had 3 spell levels left.
You didn't know any spells.

Dungeon Overview and Level Annotations

Branches:
Dungeon (4/15)
 Temple: D:4-7

Altars:
Gozag
Yredelemnul


Innate Abilities, Weirdness & Mutations

You are too large for most types of armour.
You have claws for hands.
Your metabolism is lightning-fast.
You like to eat raw meat.
Your natural rate of healing is unusually fast.
You are covered in fur. (AC +1)
You have very tough skin. (AC +2)


Message History

A wyvern comes into view.
The wyvern hisses angrily.
The wyvern barely misses you.
Found a scroll of immolation.
The wyvern bites you but does no damage. x2
The wyvern bites you!
You hit the wyvern.
The wyvern is moderately wounded.
The wyvern barely misses you. The wyvern closely misses you.
You hit the wyvern but do no damage.
The wyvern is moderately wounded.
The wyvern bites you! The wyvern closely misses you.
You closely miss the wyvern.
The wyvern is moderately wounded.
The wyvern bites you!
* * * LOW HITPOINT WARNING * * *
You closely miss the wyvern.
The wyvern is moderately wounded.
The wyvern misses you. The wyvern bites you!!
You die...

........................
.........................
..##.....................
.......#....#)...........
............#.(..........
#...........#..(##.......
#...........#...##.......
........l...#...##.......
........@...+...)........
............#...##......#
............######......#
........................#
........................#
.......##...............#
....... ...........##.[.
.?..... ...........# ...
#..... ...


You could see a wyvern.

Vanquished Creatures
  A hound (D:4)
  An orc wizard (D:4)
  An ooze (D:1)
  2 worms (D:2)
  2 dart slugs
  A leopard gecko (D:1)
  5 orcs
  5 bats
  4 giant cockroaches
  6 goblins
  4 hobgoblins
  10 kobolds
  A ball python (D:1)
  3 frilled lizards
  9 rats
  2 toadstools (D:1)
  2 withered plants (D:3)
59 creatures vanquished.

Vanquished Creatures (others)
  2 toadstools (D:1)
2 creatures vanquished.

Grand Total: 61 creatures vanquished

Notes
Turn   | Place    | Note
-------+----------+-------------------------------------------
     0 | D:1      | Schiappus the Troll Berserker began the quest for the Orb.
     0 | D:1      | Reached XP level 1. HP: 22/22 MP: 0/0
   184 | D:1      | Reached XP level 2. HP: 29/29 MP: 1/1
   517 | D:2      | Reached XP level 3. HP: 26/36 MP: 2/2
   527 | D:2      | Reached ** piety under Trog
   554 | D:2      | Found an opulent altar of Gozag.
  1105 | D:3      | Found a basalt altar of Yredelemnul.
  1535 | D:3      | Reached XP level 4. HP: 40/44 MP: 3/3
  1736 | D:4      | Noticed a wyvern
  1746 | D:4      | Mangled by a wyvern

Skill      XL: |  1  2  3 |
---------------+----------+-----
Axes           | 3 |  3.5
Dodging        | 3 |  3.4
Fighting       | |  2.9
Stealth        | |  0.1

Action                   |  1- 3 |  4- 6 || total
-------------------------+-------+-------++-------
Melee: Hand axe          |   240 |    32 ||   272
  Use: Scroll            |       |     6 ||     6
       Potion            |       |     4 ||     4
  Eat: Chunk             |    20 |     2 ||    22
Armor: Animal skin       |    83 |       ||    83
       Robe              |       |    17 ||    17
Dodge: Dodged            |   127 |    23 ||   150
